 Dungeon Crawl Stone Soup version 0.19-a0-1097-g38e3b35 (webtiles) character file.

60 Kidiri the Magician (level 3, -2/19 HPs)
             Began as a Deep Elf Fire Elementalist on Aug 8, 2016.
             Slain by a gnoll
             ... wielding a +0 flail
              (8 damage)
             ... on level 2 of the Dungeon.
             The game lasted 00:03:02 (1317 turns).

Kidiri the Magician (Deep Elf Fire Elementalist)    Turns: 1317, Time: 00:03:03

Health: -2/19      AC:  2    Str:  5    XL:     3   Next: 82%
Magic:  0/10       EV: 13    Int: 20    God:
Gold:   79         SH:  0    Dex: 15    Spells: 4 memorised, 1 level left

rFire  . . .     SeeInvis .     i - +0 dagger
rCold  . . .     Gourm    .     a - +0 robe
rNeg   . . .     Faith    .     (no shield)
rPois  .         Spirit   .     (no helmet)
rElec  .         Dismiss  .     (no cloak)
rCorr  .         Reflect  .     (no gloves)
SustAt .         Harm     .     (no boots)
MR     .....                    (no amulet)
Stlth  ++........               (no ring)
                                (no ring)

@: very slightly contaminated
A: no striking features
a: no special abilities


You were on level 2 of the Dungeon.
You were hungry.

You visited 1 branch of the dungeon, and saw 2 of its levels.

You collected 79 gold pieces.

Inventory:

Hand Weapons
 i - a +0 dagger (weapon)
Armour
 a - a +0 robe (worn)
 e - a +0 shield
Scrolls
 g - a scroll of remove curse {unknown}
 k - a scroll of amnesia {unknown}
 m - 3 scrolls of random uselessness {unknown}
Potions
 h - a potion of curing {unknown}
 j - a potion of beneficial mutation {unknown}
 l - a potion of degeneration {unknown}
Books
 b - a book of Flames

   Spells                             Type                      Level
   a - Flame Tongue                   Conjuration/Fire             1
   b - Throw Flame                    Conjuration/Fire             2
   c - Conjure Flame                  Conjuration/Fire             3
   d - Inner Flame                    Hexes/Fire                   3
   e - Sticky Flame                   Conjuration/Fire             4
   f - Fireball                       Conjuration/Fire             5
Comestibles
 c - 3 bread rations
 d - 3 chunks of flesh
 f - a meat ration


   Skills:
 - Level 2.4 Dodging
 - Level 2.4 Stealth
 * Level 4.1 Spellcasting
 * Level 2.4 Conjurations
 * Level 4.0 Fire Magic


You had one spell level left.
You knew the following spells:

 Your Spells              Type           Power        Failure   Level  Hunger
a - Flame Tongue          Conj/Fire      ###..        3%          1    None
b - Throw Flame           Conj/Fire      ###...       6%          2    #......
c - Conjure Flame         Conj/Fire      ###.....     12%         3    ###....
d - Inner Flame           Hex/Fire       ##......     17%         3    ###....


Dungeon Overview and Level Annotations

Branches:
Dungeon (2/15)

Altars:


Message History

The fiery explosion engulfs the gnoll.
You kill the gnoll!
Your Spellcasting skill increases to level 4!
Your Fire Magic skill increases to level 4!
The gnoll closely misses you.
You see here a chunk of flesh.
You barely miss the gnoll. The gnoll hits you with a flail!
Ouch! That really hurt!
You hit the gnoll.
The gnoll is moderately wounded.
The gnoll misses you.
Casting: Flame Tongue
Confirm with . or Enter, or press ? or * to list all spells.
Aiming: Flame Tongue
Press: ? - help, Shift-Dir - straight line, f - gnoll
Aim: a gnoll, wielding a flail (moderately wounded)
The flame tongue hits the gnoll.
The gnoll is severely wounded.
The gnoll hits you with a flail!
You die...

.+......>...#
##........#.# #..
...#......#.#.#.#
##.#......#.#.#.#
#.#......#.#.#.#
##.#......#.#.#.#
......(..##.#.#.# ###
##.###.#.##.#.#.###.#
#..##.#.##.#...@g..#
##.##.#.##.#...###.#
#..#.#.##.#.#####%#
##...#.##%.......)...#
#...#...%..#####.##.#
#...######## #.# #
#...##.. #.# #...##.#
#.# ....##.# #..


You could see a gnoll.

Vanquished Creatures
  2 gnolls (D:2)
  An adder (D:2)
  A worm (D:2)
  2 dart slugs (D:1)
  A giant gecko (D:1)
  A ball python (D:1)
  A giant cockroach (D:2)
  3 goblins (D:1)
  3 hobgoblins
  A quokka (D:2)
  4 bats
  2 giant newts (D:1)
  3 kobolds
  4 rats (D:1)
29 creatures vanquished.

Notes
Turn   | Place    | Note
-------+----------+-------------------------------------------
     0 | D:1      | Kidiri the Deep Elf Fire Elementalist began the quest for the Orb.
     0 | D:1      | Reached XP level 1. HP: 10/10 MP: 6/6
   284 | D:1      | Reached XP level 2. HP: 15/15 MP: 5/8
   288 | D:1      | Learned a level 2 spell: Throw Flame
  1102 | D:2      | Reached XP level 3. HP: 19/19 MP: 5/10
  1107 | D:2      | Learned a level 3 spell: Conjure Flame
  1111 | D:2      | Learned a level 3 spell: Inner Flame
  1317 | D:2      | Slain by a gnoll

Vault maps used:
D:1:      minmay_arrival_plants_in_alcoves, roderic_serpentine_path
D:2:      eat_drink_and_be_merry_uskayaw, serial_bayou_lagoon_a

Skill      XL: |  1  2  3 |
---------------+----------+-----
Conjurations   | 2 |  2.4
Spellcasting   | 4 |  4.1
Fire Magic     | 4 |  4.0
Dodging        | |  2.4
Stealth        | |  2.4

Action                   || total
-------------------------++-------
Melee: Unarmed           ||     1
       Dagger            ||     5
 Cast: Flame Tongue      ||    37
       Throw Flame       ||     8
       Conjure Flame     ||     1
       Inner Flame       ||     1
  Eat: Chunk             ||     1
Dodge: Dodged            ||     7
